 Dungeon Crawl Stone Soup version 0.24-a0-539-g6aae15eeb0 (webtiles) character file.

Game seed: 13068679563180154562

7 Gargoyl the Skirmisher (level 1, -1/19 HPs)
             Began as a Centaur Abyssal Knight on Aug 17, 2019.
             Was an Initiate of Lugonu.
             Slain by a jackal (3 damage)
             ... on level 1 of the Dungeon.
             The game lasted 00:01:16 (367 turns).

Gargoyl the Skirmisher (Centaur Abyssal Knight)      Turns: 367, Time: 00:01:16

Health: -1/19      AC:  6    Str: 14    XL:     1   Next: 83%
Magic:  2/2        EV:  8    Int: 11    God:    Lugonu [......]
Gold:   28         SH:  0    Dex:  8    Spells: 0/0 levels left

rFire    . . .     SeeInvis .   a - +1 hand axe
rCold    . . .     Gourm    .   (no shield)
rNeg     . . .     Faith    .   d - +0 ring mail
rPois    .         Spirit   .   e - +0 helmet
rElec    .         Reflect  .   (no cloak)
rCorr    .         Harm     .   (no gloves)
MR       .....                  (no barding)
Stlth    ..........             (no amulet)
HPRegen  0.06/turn              (no ring)
MPRegen  0.08/turn              (no ring)

@: very quick
A: large, hooves 3, deformed body, speed 2, tough skin 3
a: Renounce Religion


You were on level 1 of the Dungeon.
You worshipped Lugonu.
Lugonu was noncommittal.
You were not hungry.

You visited 1 branch of the dungeon, and saw 1 of its levels.
You visited the Abyss 1 time.

You collected 28 gold pieces.

Inventory:

Hand Weapons
 a - a +1 hand axe (weapon)
Armour
 d - a +0 ring mail (worn)
 e - a +0 helmet (worn)
Scrolls
 b - a scroll of amnesia
Comestibles
 c - a ration


   Skills:
 + Level 3.1 Fighting
 + Level 1.8 Axes
 * Level 1.5 Armour
 * Level 0.7 Dodging
 * Level 2.1 Invocations


You couldn't memorise any spells.
You didn't know any spells.
Your spell library was empty.

Dungeon Overview and Level Annotations

Branches:
Dungeon (1/15)

Altars:


Innate Abilities, Weirdness & Mutations

You have hooves in place of feet.
Armour fits poorly on your strangely shaped body.
You cover ground very quickly.
You have extremely tough skin. (AC +3)


Message History

The jackal is almost dead.
The jackal bites you.
You barely miss the jackal. Your kick misses the jackal.
The jackal is almost dead.
The jackal barely misses you.
The jackal bites you but does no damage.
You barely miss the jackal.
The jackal is almost dead.
The jackal bites you.
* * * LOW HITPOINT WARNING * * *
The jackal bites you but does no damage.
You barely miss the jackal. You kick the jackal.
You kill the jackal!
Lugonu accepts your kill.
You hit the jackal.
The jackal is almost dead.
The jackal bites you.
* * * LOW HITPOINT WARNING * * *
The jackal bites you.
You die...

#≈≈≈≈≈.≈≈≈≈≈≈≈≈≈≈.#
#≈≈≈≈≈.≈≈≈≈≈≈≈≈≈≈...........
#≈≈≈8≈≈.≈≈≈≈≈8≈≈≈###........
##≈≈≈≈≈≈.≈≈≈≈≈≈≈## #........
####≈≈≈≈≈.≈≈≈≈≈≈## #........
.....≈≈≈.≈≈≈≈≈≈## #........
####.##.###.#### #.......? #
#.##.###.#########........ #
#.##...#.....@hg(g(....... #
#.##.#.#.#########........ #
#.##)#.#.# #.....h.. #
#.##.#.#.# ######### #
#.##.#.#.# ####.##.#.#.#
#....##.#.#.#
#.#####.#.#.########
#.......#...........


You could see a jackal and 2 goblins.

Vanquished Creatures
  3 jackals (D:1)
  2 kobolds (D:1)
  A rat (D:1)
6 creatures vanquished.

Notes
Turn   | Place    | Note
-------+----------+-------------------------------------------
     0 | Abyss:1  | Gargoyl the Centaur Abyssal Knight began the quest for the
                  | Orb.
     0 | Abyss:1  | Reached XP level 1. HP: 19/19 MP: 2/2
    37 | Abyss:1  | Noticed an iron imp
    64 | Abyss:1  | Found an opulent altar of Gozag.
    65 | Abyss:1  | Noticed a thrashing horror
   101 | Abyss:1  | Noticed a large abomination
   101 | Abyss:1  | Noticed a demonic crawler
   165 | D:1      | Escaped the Abyss
   367 | D:1      | Slain by a jackal

Levels and vault maps discovered:
D:1:      nzn_arrival_water_spiral, layout_basic, minmay_liquid_box

Action                   || total
-------------------------++-------
Melee: Hand axe          ||    28
       Kick              ||     1
Invok: Depart the Abyss  ||     1
  Use: Scroll            ||     1
Armor: Ring mail         ||     9
Dodge: Dodged            ||    15

Table legend:
 A = Non-vault XP
 B = Vault XP
 C = Vault XP percentage of total XP
 D = Non-vault monster count
 E = Vault monster count
 F = Vault count percentage of total count
                 A         B        C        D         E       F
            +---------+---------+-------+---------+---------+-------
      Total |      10 |       0 |   0.0 |       6 |       0 |   0.0
            +---------+---------+-------+---------+---------+-------
        D:1 |      10 |       0 |   0.0 |       6 |       0 |   0.0
            +---------+---------+-------+---------+---------+-------
